AoeStats
← M1nerUA

Arabia

503633544Analyzed
3v3 RM · 1mo ago on Sep 1, 2026· 25m 46s· 6 players
Game mode
Random Map
Map size
Normal (6 player)
Population
200
Speed
Normal
Resources
Standard
Victory
Conquest
Starting age
Dark Age
Ending age
Imperial Age
RankedLock teamsTeams togetherTeam positionsShared explorationLock speedFull tech treeHidden civsTurbo modeCheats
Victory
Defeat
🇨🇳 Italians · China
617
+14
🇲🇽 Franks · Mexico
603
+15
🇮🇳 Jurchens · India
556
+17
🇵🇱 Poles · Poland
686
-33
🇪🇸 Gurjaras · Spain
558
-14
🇬🇧 Inca · United Kingdom
494
-12
betalbaadshah
1:12 Loom
12:35 Feudal Age
14:32 Horse Collar
14:40 Double-Bit Axe
15:34 Wheelbarrow
14:46 Town Watch
14:51 Town Watch
19:12 Man-at-Arms
19:39 Arson
20:21 Forging
20:11 Scale Mail Armor
25:35 Castle Age
Hz.
11:58 Feudal Age
12:56 Double-Bit Axe
14:34 Horse Collar
14:50 Fletching
17:13 Forging
24:20 Castle Age
22:58 Padded Archer Armor
23:06 Scale Barding Armor
23:54 Bloodlines
25:15 Crossbowman
26:00 Thumb Ring
ricardo_srs
10:11 Feudal Age
11:31 Wheelbarrow
10:42 Double-Bit Axe
17:33 Town Watch
M1nerUA
10:24 Feudal Age
13:15 Wheelbarrow
14:09 Horse Collar
14:18 Double-Bit Axe
19:06 Man-at-Arms
Leggy Mountbatten
0:31 Loom
13:48 Feudal Age
14:18 Double-Bit Axe
14:15 Horse Collar
14:29 Gold Mining
14:30 Stone Mining
16:26 Padded Archer Armor
17:12 Scale Mail Armor
17:28 Arson
18:00 Fletching
18:22 Forging
Ziro3989
4:11 Loom
13:28 Feudal Age
17:18 Double-Bit Axe
Connection lost

Rejoining the realm…

Still unreachable

The connection could not be restored.

Session expired

The server has moved on; the page needs a fresh start.